AoeStats
← aclcbrn

Baltic

510382590Analyzed
4v4 RM · 2d ago on Sep 30, 2026· 27m 38s· 8 players
Game mode
Random Map
Map size
Large (8 player)
Population
200
Speed
Normal
Resources
Standard
Victory
Conquest
Starting age
Dark Age
Ending age
Imperial Age
RankedLock teamsTeams togetherTeam positionsShared explorationLock speedFull tech treeHidden civsTurbo modeCheats
Victory
Defeat
🇨🇭 Chinese · Switzerland
1131
+13
🇨🇭 Danes · Switzerland
1118
+14
🇨🇭 Khmer · Switzerland
1107
+14
🇩🇰 Varangians · Denmark
1095
+15
🇧🇾 Dravidians · Belarus
1114
-16
🇪🇸 Italians · Spain
1096
-15
🇳🇱 Spanish · Netherlands
1061
-14
🇭🇺 Bohemians · Hungary
1002
-11
Wospenzukh
12:02 Feudal Age
10:18 Loom
17:12 Castle Age
17:31 Double-Bit Axe
John Kalztan
9:11 Loom
10:57 Feudal Age
12:32 Double-Bit Axe
14:16 Fishing Lines
15:17 Horse Collar
19:56 Fletching
RtW
3:10 Loom
11:57 Feudal Age
19:04 Castle Age
17:16 Horse Collar
18:20 Double-Bit Axe
20:29 Heavy Plow
20:41 Bow Saw
20:50 Man-at-Arms
24:48 Wheelbarrow
26:56 Scale Mail Armor
aclcbrn
4:33 Loom
9:18 Loom
11:54 Feudal Age
12:27 Double-Bit Axe
12:42 Gold Mining
13:24 Fishing Lines
19:11 Castle Age
18:19 Stone Mining
21:04 Medium Warships
20:21 Demolition Ship
21:16 Pikeman
28:07 Scale Mail Armor
informationswasser
12:44 Feudal Age
13:37 Double-Bit Axe
17:09 Horse Collar
20:11 Castle Age
18:29 Scale Mail Armor
21:30 Chain Mail Armor
21:56 Forging
22:49 Gambesons
23:39 Squires
26:25 Wheelbarrow
25:41 Loom
25:42 Town Watch
intellectual midget
0:27 Loom
13:21 Feudal Age
14:59 Double-Bit Axe
15:46 Man-at-Arms
16:51 Horse Collar
19:01 Scale Mail Armor
26:20 Castle Age
26:20 Wheelbarrow
26:30 Forging
26:12 Fletching
26:22 Padded Archer Armor
27:27 Arson
peenut
8:53 Loom
12:13 Feudal Age
14:07 Wheelbarrow
14:24 Double-Bit Axe
14:34 Fletching
14:36 Gold Mining
19:39 Fishing Lines
21:53 Horse Collar
26:09 Castle Age
26:39 Scale Barding Armor
26:30 Stone Mining
27:23 Forging
27:10 Gillnets
27:51 Chain Barding Armor
JJR
7:37 Loom
10:19 Feudal Age
14:07 Castle Age
12:44 Double-Bit Axe
14:51 Bloodlines
20:01 Forging
21:23 Horse Collar
22:28 Scale Barding Armor
23:53 Iron Casting
24:16 Chain Barding Armor
24:56 Bow Saw
25:27 Wheelbarrow
28:03 Gold Mining
Connection lost

Rejoining the realm…

Still unreachable

The connection could not be restored.

Session expired

The server has moved on; the page needs a fresh start.